Map: Ulrena

Players

IlFritz

  • Race: Zerg Zerg
  • League: Silver

Jhyrachy - Winner!

  • Race: Zerg Zerg
  • League: Silver

VOD

Have the link to the VOD?

Description

Time

  • Played on: Dec. 7, 2015, 9:05 a.m.
  • Length: 4:27
Show
View Real Time Build Order
Export as new Build Order

IlFritz Zerg 

Build Orders: Hatch First 

Get SALT Encoding   

  12  0:01  Drone  
  13  0:20  Overlord  
  13  0:21  Drone  
  13  0:24  Extractor  
  13  0:25  Drone  
  14  0:40  Drone  
  14  0:42  Drone  
  17  1:07  Hatchery  
  17  1:10  Spawning Pool  
  15  1:11  Drone  
  15  1:16  Extractor  
  15  1:17  Drone  
  16  1:22  Drone  
  17  1:34  Drone  
  18  1:44  Drone  
  19  1:48  Overlord  
  19  2:00  Zergling x2  
  20  2:08  Roach Warren  
  19  2:12  Zergling x2  
  20  2:19  Drone  
  20  2:21  Zergling x2  
  20  2:22  Metabolic Boost  
  22  2:26  Extractor  
  22  2:27  Queen  
  23  2:33  Queen  
  25  2:42  Zergling x4  
  27  2:44  Zergling x2  
  27  2:47  Zergling x2  
  29  2:54  Drone  
  29  2:55  Drone  
  31  3:04  Drone x2  
  33  3:17  Zergling x4  
  31  3:38  Overlord  
  28  3:47  Overlord  
  28  3:57  Zergling x10  
  28  3:59  Zergling x2  
Show
View Real Time Build Order
Export as new Build Order

Jhyrachy Zerg - Winner!

Build Orders: Hatch First 

Get SALT Encoding   

  12  0:01  Drone  
  13  0:13  Overlord  
  13  0:21  Drone  
  14  0:32  Drone x2  
  16  0:53  Drone  
  16  0:54  Hatchery  
  16  0:57  Extractor  
  16  1:02  Drone  
  16  1:03  Drone  
  17  1:19  Spawning Pool  
  16  1:26  Drone x2  
  18  1:49  Drone, Overlord  
  19  2:07  Queen  
  21  2:09  Zergling x6  
  21  2:15  Queen  
  26  2:42  Zergling x2  
  26  2:43  Zergling x10  
  32  2:57  Spine Crawler  
  31  3:02  Metabolic Boost  
  31  3:16  Baneling Nest  
  30  3:38  Queen  
  30  3:50  Zergling x2  
  30  3:51  Zergling x10  
  30  3:54  Overlord x2  
Tags
 
Add a new tag
Caveats
  • Supply blocks, unpowered buildings, or Contaminate may cause inaccurate times.
  • Supply counts are checked every 10 seconds.